 Dungeon Crawl Stone Soup version 0.18.1-50-g88ac8fd (webtiles) character file.

1913 Kokiki the Covert (level 9, -6/42 HPs)
             Began as a Vine Stalker Enchanter on Sept 17, 2016.
             Was an Initiate of Dithmenos.
             Mangled by an orc warrior
             ... wielding a +0 halberd
              (7 damage)
             ... on level 7 of the Dungeon.
             The game lasted 00:27:14 (4939 turns).

Kokiki the Covert (Vine Stalker Enchanter)          Turns: 4939, Time: 00:27:14

Health: -6/42      AC:  6    Str: 12    XL:     9   Next: 16%
Magic:  0/17       EV: 15    Int: 15    God:    Dithmenos [......]
Gold:   353        SH:  0    Dex: 19    Spells: 6 memorised, 2 levels left

rFire  . . .     SeeInvis .     h - +1 dagger (venom)
rCold  . . .     Gourm    .     b - +1 robe
rNeg   . . .     Faith    .     (no shield)
rPois  .         Spirit   +     (no helmet)
rElec  .         Dismiss  .     (no cloak)
rCorr  .         Reflect  .     i - +1 pair of gloves
SustAt .         Harm     .     m - +0 pair of boots
MR     +....                    (no amulet)
Stlth  +++++.....               (no ring)
                                (no ring)

@: somewhat resistant to hostile enchantments, quite stealthy
A: fangs 3, blink, regeneration 2, strong 1, magic shield, antimagic bite, no
device heal 3, rot immunity, sturdy frame 1
a: Blink, Renounce Religion


You were on level 7 of the Dungeon.
You worshipped Dithmenos.
Dithmenos was noncommittal.
You were not hungry.

You visited 1 branch of the dungeon, and saw 7 of its levels.

You collected 353 gold pieces.

Inventory:

Hand Weapons
 h - a +1 dagger of venom (weapon)
 l - the +7 Singing Sword
   (You found it on level 4 of the Dungeon)
Missiles
 d - 67 poisoned needles
Armour
 b - a +1 robe (worn)
 i - a +1 pair of gloves (worn)
 m - a +0 pair of boots (worn)
Jewellery
 f - an uncursed ring of teleportation
Wands
 a - a wand of paralysis (16/24)
Scrolls
 p - 5 scrolls of remove curse
 t - a scroll of fog
Potions
 e - a potion of mutation
 j - 2 potions of flight
 u - 2 potions of heal wounds
Books
 c - a book of Maledictions

   Spells                             Type                      Level
   a - Corona                         Hexes                        1
   b - Ensorcelled Hibernation        Hexes/Ice                    2
   c - Confuse                        Hexes                        3
   d - Tukima's Dance                 Hexes                        3
   e - Dazzling Spray                 Conjuration/Hexes            3
 r - a book of Clouds

   Spells                             Type                      Level
   a - Mephitic Cloud                 Conjuration/Poison/Air       3
   b - Conjure Flame                  Conjuration/Fire             3
   c - Poisonous Cloud                Conjuration/Poison/Air       6
   d - Freezing Cloud                 Conjuration/Ice/Air          6
   e - Ring of Flames                 Charms/Fire                  7
Comestibles
 g - 5 meat rations
 k - 2 bread rations


   Skills:
 + Level 2.2 Fighting
 + Level 1.9 Short Blades
 + Level 3.9 Dodging
 * Level 10.0 Stealth
 + Level 4.7 Spellcasting
 + Level 0.6 Conjurations
 + Level 5.0 Hexes
 + Level 2.0 Ice Magic
 * Level 1.9 Air Magic
 * Level 2.1 Poison Magic


You had 2 spell levels left.
You knew the following spells:

 Your Spells              Type           Power        Failure   Level  Hunger
a - Corona                Hex            ###....      1%          1    None
b - Ensorcelled Hibernat  Hex/Ice        ##....       8%          2    ##.....
c - Confuse               Hex            ###.....     10%         3    ###....
d - Dazzling Spray        Conj/Hex       ##....       21%         3    ###....
e - Tukima's Dance        Hex            ###.....     10%         3    ###....
f - Mephitic Cloud        Conj/Pois/Air  #.......     30%         3    ###....


Dungeon Overview and Level Annotations

Branches:
Dungeon (7/15)             Temple (0/1) D:6

Altars:
Ashenzari
Dithmenos
Elyvilon
Makhleb
Nemelex Xobeh
Vehumet
Xom
The Shining One

Shops:
D:5 *

Annotations:
D:6 Flanowski's ghost, novice GrFi
D:7 Dowan; Duvessa


Innate Abilities, Weirdness & Mutations

You have razor-sharp teeth.
You heal very quickly.
When hurt, damage is shared between your health and your magic reserves.
Your bite disrupts and absorbs the magic of your enemies.
Potions and wands cannot restore your health.
You are immune to rotting.
You can translocate small distances at will.
Your muscles are strong. (Str +2)
Your movements are slightly less encumbered by armour (ER -2).


Message History

Unknown command.
Casting: Ensorcelled Hibernation
Confirm with . or Enter, or press ? or * to list all spells.
Aiming: Ensorcelled Hibernation
Press: ? - help, Shift-Dir - straight line, f - orc warrior
Aim: an orc warrior, wielding a halberd and wearing a plate armour (not susceptible)
The orc warrior is unaffected.
The orc warrior closely misses you.
You barely miss the orc warrior. The orc warrior barely misses you.
You closely miss the orc warrior.
You bite the orc warrior, but do no damage.
The orc warrior hits you with a halberd!
* * * LOW HITPOINT WARNING * * *
Read which item? (? for menu, Esc to quit)
Okay, then.
You barely miss the orc warrior.
You bite the orc warrior, but do no damage.
The orc warrior hits you with a halberd!
* * * LOW HITPOINT WARNING * * *
The orc warrior hits you from afar with a halberd!
You die...

*,**≈≈≈≈≈,* #.# ####..
*,**≈***≈.#** ##.## #####.....
*,**≈*_+....####...###.....#...
*,*,≈***≈.#......#.............
***,*,≈≈≈≈≈.>.....###.##.########
,,,,*,***,#.######.#.###.#
*****,* *,*..........# #.# * *,*
#.##########.###.# * *,*
#.....).@.o...##.######## * *,*
###########.#............ * *,*
#...########### *****,* #####
,,,,,,* *******


You could see an orc warrior.

Vanquished Creatures
  A water moccasin (D:7)
  2 sky beasts
  An ice beast (D:6)
  2 ogres
  A centaur (D:5)
  A giant frog (D:6)
  A gnoll sergeant (D:7)
  5 scorpions (D:4)
  2 howler monkeys
  4 crimson imps
  A giant frog zombie (D:5)
  3 orc wizards
  2 orc priests
  3 hounds
  A jelly (D:7)
  Terence (D:3)
  3 worker ants (D:4)
  11 gnolls
  15 adders
  A dart slug (D:2)
  3 giant geckos
  3 orcs
  A ball python (D:1)
  5 giant cockroaches
  7 goblins
  5 hobgoblins
  9 jackals
  2 quokkas
  14 bats
  3 giant newts
  4 kobolds
  A quokka skeleton (D:7)
  7 rats
125 creatures vanquished.

Notes
Turn   | Place    | Note
--------------------------------------------------------------
     0 | D:1      | Kokiki the Vine Stalker Enchanter began the quest for the Orb.
     0 | D:1      | Reached XP level 1. HP: 9/9 MP: 4/4
   255 | D:1      | Reached XP level 2. HP: 13/13 MP: 6/6
   259 | D:1      | Learned a level 2 spell: Ensorcelled Hibernation
   772 | D:2      | Reached skill level 4 in Stealth
   787 | D:2      | Reached XP level 3. HP: 12/17 MP: 5/7
   840 | D:2      | Learned a level 3 spell: Confuse
   875 | D:2      | Found a glowing golden altar of the Shining One.
   952 | D:2      | Found a faded altar to an unknown god.
  1134 | D:2      | Reached skill level 1 in Fighting
  1134 | D:2      | Reached XP level 4. HP: 10/22 MP: 8/8
  1415 | D:2      | Found a radiant altar of Vehumet.
  1415 | D:2      | Found a burning altar of Makhleb.
  1569 | D:3      | Reached skill level 1 in Short Blades
  1569 | D:3      | Reached skill level 5 in Stealth
  1569 | D:3      | Reached XP level 5. HP: 20/25 MP: 8/10
  1603 | D:3      | Learned a level 3 spell: Dazzling Spray
  1806 | D:3      | Noticed Terence
  1817 | D:3      | Killed Terence
  1939 | D:3      | Gained mutation: You heal very quickly. [Vine Stalker growth]
  1939 | D:3      | Reached XP level 6. HP: 29/30 MP: 9/11
  2316 | D:4      | Found a white marble altar of Elyvilon.
  2345 | D:4      | Found a shattered altar of Ashenzari.
  2350 | D:4      | Reached skill level 6 in Stealth
  2473 | D:3      | HP: 2/45 [something (2)]
  2480 | D:3      | HP: 1/45 [something (4)]
  2482 | D:3      | Reached skill level 7 in Stealth
  2482 | D:3      | Reached XP level 7. HP: 2/33 MP: 0/12
  2537 | D:3      | Learned a level 3 spell: Tukima's Dance
  2877 | D:4      | Reached skill level 8 in Stealth
  2877 | D:4      | Reached skill level 1 in Ice Magic
  2929 | D:4      | HP: 1/34 [poisoned by an adder]
  2935 | D:4      | HP: 1/34 [poisoned by an adder]
  3196 | D:4      | Gained mutation: You have razor-sharp teeth. [Vine Stalker growth]
  3196 | D:4      | Reached XP level 8. HP: 39/39 MP: 4/14
  3243 | D:5      | Entered Level 5 of the Dungeon
  3243 | D:5      | Found a shimmering altar of Xom.
  3393 | D:5      | Found Sassadom's Elemental Accessories.
  3441 | D:5      | Gained mutation: Your movements are slightly less encumbered by armour (ER -2). [potion of mutation]
  3441 | D:5      | Gained mutation: Your muscles are strong. (Str +2) [potion of mutation]
  3441 | D:5      | Gained mutation: You can translocate small distances at will. [potion of mutation]
  3541 | D:5      | Found a shadowy altar of Dithmenos.
  3542 | D:5      | Found a shimmering altar of Xom.
  3549 | D:5      | Became a worshipper of Dithmenos the Shadowed
  3596 | D:5      | Learned a level 3 spell: Mephitic Cloud
  3901 | D:6      | Noticed Flanowski's ghost (novice GrFi)
  4007 | D:6      | Reached skill level 9 in Stealth
  4342 | D:6      | Reached skill level 1 in Poison Magic
  4395 | D:6      | Found a sparkling altar of Nemelex Xobeh.
  4417 | D:6      | Found a staircase to the Ecumenical Temple.
  4684 | D:7      | Reached skill level 1 in Air Magic
  4701 | D:7      | Noticed Duvessa
  4702 | D:7      | Noticed Dowan
  4795 | D:7      | Reached XP level 9. HP: 42/42 MP: 16/16
  4905 | D:7      | Reached skill level 10 in Stealth
  4905 | D:7      | Reached skill level 5 in Hexes
  4938 | D:7      | HP: 1/42 [orc warrior/halberd (8)]
  4939 | D:7      | Mangled by an orc warrior

Skill      XL: |  1  2  3  4  5  6  7  8  9 |
---------------+----------------------------+-----
Stealth        | 4 5 7 8 9 10 | 10.0
Fighting       | 1 2 |  2.2
Dodging        | 2 3 |  3.9
Short Blades   | 1 |  1.9
Spellcasting   | 3 4 |  4.7
Ice Magic      | 1 2 |  2.0
Hexes          | 4 5 |  5.0
Poison Magic   | 1 2 |  2.1
Air Magic      | 1 |  1.9
Conjurations   | |  0.6

Action                   |  1- 3 |  4- 6 |  7- 9 || total
-------------------------+-------+-------+-------++-------
Melee: Dagger            |    86 |   112 |   128 ||   326
       Bite              |    15 |    12 |    34 ||    61
 Cast: Ensorcelled Hiber |     4 |    10 |    42 ||    56
       Dazzling Spray    |       |       |     4 ||     4
       Confuse           |       |       |    11 ||    11
       Tukima's Dance    |       |       |     1 ||     1
Evoke: Wand              |       |       |     2 ||     2
  Use: Scroll            |     4 |     4 |     8 ||    16
       Potion            |     1 |     7 |     2 ||    10
 Stab: Sleeping          |    14 |    19 |    33 ||    66
       Confused          |       |       |     2 ||     2
       Invisible         |       |       |     1 ||     1
  Eat: Chunk             |     1 |     1 |     2 ||     4
       Bread ration      |       |     1 |     1 ||     2
       Meat ration       |       |       |     2 ||     2
Armor: Robe              |    26 |    32 |    33 ||    91
Dodge: Dodged            |    60 |    78 |   101 ||   239
